cohdb
Replays
Latest Replays
All Replays
Popular Replays
Top Player Replays
Match Explorer
How It Works
Community
CoH3 Stats
Reddit
Sign in to upload your games and track your stats! →
Sign in with Steam
Match 27797839
Unlisted
Match 27797839
Overview
Messages
Build Orders
End
Royal Engineer Section
Selects Heavy Armor Battlegroup
Vickers Machine Gun Team
Construct Section Command Post
Infantry Section
Infantry Section
Selects Rigorous Vehicle Training
Construct Platoon Command Post
Humber Armored Car
6-pounder Anti-tank Gun Team
Selects Light Vehicle Withdraw and Refit
Construct Field Infirmary
6-pounder Anti-tank Gun Team
Infantry Section
Vickers Machine Gun Team
Selects Crusader AA Medium Tank
Crusader AA Medium Tank
Royal Engineer Section
Selects Forward Repair Assembly
Construct Company Command Post
Selects Recon Artillery
Recon Artillery
Matilda II Heavy Tank
Foot Guards Section
Recon Artillery
Matilda II Heavy Tank
Matilda II Heavy Tank
Armored Vehicle Training
Selects Churchill Black Prince Heavy Tank
Recon Artillery
aSIISymbiosis
InSaNiedi
豪师傅
Ruby
0
0
Comments
sign in to comment!
No comments posted yet!